 Dungeon Crawl Stone Soup version 0.27-a0-1281-ge233d83751 (webtiles) character file.

Game seed: 3975145899651436766

2740 Zonian the Destroyer (level 9, -6/52 HPs)
             Began as a Tengu Conjurer on June 13, 2021.
             Was a Believer of Vehumet.
             Shot with a bolt by an orc warrior (13 damage)
             ... in a bailey.
             The game lasted 00:16:13 (11368 turns).

Zonian the Destroyer (Tengu Conjurer)              Turns: 11368, Time: 00:16:13

Health: -6/52      AC:  9    Str:  8    XL:     9   Next: 68%
Magic:  16/18      EV: 21    Int: 21    God:    Vehumet [**....]
Gold:   365        SH:  0    Dex: 16    Spells: 11/19 levels left

rFire    . . .     SeeInvis .   i - staff of conjuration
rCold    . . .     Faith    .   (no shield)
rNeg     . . .     Spirit   .   a - +0 robe
rPois    .         Reflect  .   (helmet restricted)
rElec    .         Harm     .   (no cloak)
rCorr    .         Rampage  .   c - +2 pair of gloves {Dex+3}
Will     .....                  (boots unavailable)
Stlth    +++.......             y - amulet of regeneration
HPRegen  1.17/turn              n - +4 ring of protection
MPRegen  0.16/turn              o - +4 ring of evasion

@: flying quickly and evasively, quick
A: beak, talons 3, nimble flight
a: Renounce Religion


You were in a bailey.
You worshipped Vehumet.
Vehumet was pleased with you.
You visited 1 branch of the dungeon, and saw 8 of its levels.
You also visited: Sewer and Bailey.

You collected 365 gold pieces.

Inventory:

Hand Weapons
 b - a +0 hunting sling
 h - a +0 short sword
 r - a +3 spectral war axe
 s - a +0 hand crossbow
 D - a +1 vampiric dagger
 E - a +1 dagger of venom
Missiles
 e - 3 javelins
 g - a throwing net
 l - 2 curare-tipped darts
 x - 71 poisoned darts
 C - 112 bolts
Armour
 a - a +0 robe (worn)
 c - a +2 pair of gloves of dexterity (worn)
 k - a +0 leather armour
Magical Staves
 i - a staff of conjuration (weapon)
 v - a staff of poison
Jewellery
 d - a ring of protection from cold
 n - a +4 ring of protection (left hand)
 o - a +4 ring of evasion (right hand)
 y - an amulet of regeneration (around neck)
 J - a +4 ring of evasion
Wands
 w - a wand of paralysis (8)
 G - a wand of flame (13)
 I - a wand of digging (4)
Scrolls
 f - 2 scrolls of magic mapping
 m - 5 scrolls of teleportation
 p - 2 scrolls of enchant weapon
 F - a scroll of enchant armour
Potions
 j - a potion of magic {unknown}
 q - 4 potions of heal wounds
 t - a potion of mutation {unknown}
 u - a potion of berserk rage
 z - a potion of might
 A - a potion of haste
 B - 2 potions of flight
 H - a potion of brilliance {unknown}


   Skills:
 + Level 3.9 Fighting
 - Level 0.4 Staves
 + Level 5.3 Dodging
 + Level 5.1 Stealth
 - Level 0.4 Unarmed Combat
 + Level 5.5 Spellcasting
 + Level 9.3 Conjurations
 + Level 5.3 Summonings
 + Level 5.7 Air Magic


You had 11 spell levels left.
You knew the following spells:

 Your Spells              Type           Power      Damage    Failure   Level
a - Magic Dart            Conj           100%       1d8       1%          1
b - Searing Ray           Conj           100%       3d7       1%          2
c - Summon Lightning Spi  Summ/Air       29%        N/A       11%         4
d - Shock                 Conj/Air       100%       1d9       1%          1

Your spell library contained the following spells:

 Spells                   Type           Power      Damage    Failure   Level
 Sandblast                Erth           10%        2d5       11%         1
 Summon Small Mammal      Summ           100%       N/A       1%          1
 Call Imp                 Summ           28%        N/A       1%          2
 Call Canine Familiar     Summ           28%        N/A       3%          3
 Dazzling Flash           Conj/Hex       76%        N/A       4%          3
 Stone Arrow              Conj/Erth      76%        3d11      4%          3
 Summon Guardian Golem    Hex/Summ       16%        N/A       11%         3
 Passwall                 Tmut/Erth      4%         N/A       16%         2
 Fulminant Prism          Conj/Hex       19%        3d11      16%         4
 Iskenderun's Mystic Bla  Conj/Tloc      38%        2d9       16%         4
 Summon Ice Beast         Ice/Summ       16%        N/A       34%         4
 Petrify                  Tmut/Erth      5%         N/A       71%         4
 Lee's Rapid Deconstruct  Erth           2%         3d6*      96%         5


Dungeon Overview and Level Annotations

Branches:
Dungeon (8/15)             Temple (0/1) D:5           Sewer (visited)
 Bailey (1/1)
   Lair: D:8-11

Altars:
Qazlal
Uskayaw
Vehumet
The Shining One


Innate Abilities, Weirdness & Mutations

You have a beak for a mouth.
You have claws for feet.
Your magical nature lets you fly swiftly and evasively.


Message History

The orc shouts!
You hear a shout!
The orc shoots a bolt.
The bolt misses you.
An orc warrior comes into view. It is wielding a +0 arbalest.
You hear a shout!
The orc shouts!
The orc warrior shouts!
Casting: Searing Ray (safe; 1% risk of failure)
Confirm with . or Enter, or press ? or * to list all spells.
Aiming: Searing Ray (safe; 1% risk of failure)
Press: ? - help, Shift-Dir - straight line, f - orc
Aim: an orc, wielding a +0 arbalest, wearing a +0 ring mail and quivering bolts (85% to hit)
You feel a surge of power!
The searing ray hits the orc.
The orc is moderately wounded. (Press . to maintain the ray.)
The orc warrior disappears!
The orc shoots a bolt.
The bolt closely misses you.
The searing ray hits the orc.
The orc is almost dead.
Unknown command.
The searing ray hits the orc!
You kill the orc!
Vehumet accepts your kill.
You feel your power returning.
An orc comes into view. It is wielding a +0 arbalest.
The orc warrior shoots a bolt.
The bolt misses you.
Unknown command.
The orc shoots a bolt.
The bolt hits you!
The orc shoots a bolt.
The bolt hits you.
Casting: Searing Ray (safe; 1% risk of failure)
Confirm with . or Enter, or press ? or * to list all spells.
Okay, then.
The orc shoots a bolt.
The bolt misses you.
The orc warrior shoots a bolt.
The bolt hits you!!
Ouch! That really hurt!
The orc shoots a bolt.
The bolt hits you!
* * * LOW HITPOINT WARNING * * *
The orc unwields a +0 arbalest.
The orc closely misses you.
You barely miss the orc. You claw the orc.
The orc is moderately wounded.
The orc warrior shoots a bolt.
The bolt misses you.
The orc shoots a bolt.
The bolt barely misses you. The orc completely misses you.
The orc warrior shoots a bolt.
The bolt hits you!
You die...

#. ........# #.
........# #. ........##
##. .........# #..
.........## ##..
..........## ##...
..≈≈≈≈≈....#### ####....
#o@......###......≈
#.∩#≈...............≈
≈..^.o≈...............≈
.≈##.##≈...............≈
. ≈#.#≈≈...............≈
≈≈≈≈≈.................
......................
.........o............
......................


You could see an orc warrior and 2 orcs.

Vanquished Creatures
  A kobold demonologist (D:6)
  Grinder (Sewer)
  4 orc warriors
  4 ice beasts
  2 black bears
  2 sky beasts (D:6)
  An ogre (D:4)
  A phantom (Sewer)
  4 kobold brigands
  A scorpion (D:5)
  A wyvern skeleton (D:4)
  3 hounds
  2 orc priests
  A bullfrog skeleton (D:5)
  2 centaur skeletons
  4 orc wizards
  2 gnolls (D:8)
  9 adders
  3 shadow imps
  4 ufetubi (Sewer)
  21 orcs
  A bat zombie (Sewer)
  4 endoplasms
  8 giant cockroaches
  13 goblins
  8 hobgoblins
  7 jackals
  25 kobolds
  4 quokkas
  7 ball pythons
  2 bats
  2 frilled lizards
  A kobold zombie (Sewer)
  8 rats
  A butterfly (D:5)
164 creatures vanquished.

Notes
Turn   | Place    | Note
-------+----------+-------------------------------------------
     0 | D:1      | Zonian the Tengu Conjurer began the quest for the Orb.
     0 | D:1      | Reached XP level 1. HP: 10/10 MP: 4/4
   385 | D:1      | Reached XP level 2. HP: 15/15 MP: 4/6
   615 | D:1      | Reached skill level 6 in Conjurations
  1001 | D:1      | Reached XP level 3. HP: 18/19 MP: 3/7
  1081 | D:1      | Learned a level 2 spell: Searing Ray
  1667 | D:2      | Found a stormy altar of Qazlal.
  1952 | D:2      | Reached XP level 4. HP: 23/24 MP: 2/9
  2158 | D:2      | Learned a level 4 spell: Summon Lightning Spire
  2795 | D:3      | Reached skill level 7 in Conjurations
  2857 | D:3      | Gained mutation: Your magical nature lets you fly swiftly
                  | and evasively. [Tengu growth]
  2857 | D:3      | Reached XP level 5. HP: 28/28 MP: 8/10
  2901 | D:3      | Found a radiant altar of Vehumet.
  3045 | D:3      | Became a worshipper of Vehumet
  3970 | D:4      | Noticed an ogre
  3974 | D:4      | Killed an ogre
  3975 | D:4      | Reached skill level 1 in Summonings
  3975 | D:4      | Reached skill level 1 in Air Magic
  3975 | D:4      | Reached XP level 6. HP: 32/32 MP: 5/12
  4741 | D:5      | Entered Level 5 of the Dungeon
  4769 | D:5      | Found a staircase to the Ecumenical Temple.
  4785 | D:5      | Noticed an ice beast
  4973 | D:5      | Killed an ice beast
  4974 | D:5      | Reached XP level 7. HP: 36/36 MP: 8/13
  5620 | D:5      | Reached skill level 1 in Fighting
  6077 | D:5      | Reached skill level 8 in Conjurations
  6497 | D:5      | Found a hide-covered altar of Uskayaw.
  6555 | D:5      | Identified a scroll of acquirement
  6555 | D:5      | Acquired a +1 pair of gloves of dexterity
  6785 | D:6      | Found a glowing drain.
  6794 | D:6      | Reached * piety under Vehumet
  6794 | D:6      | Offered knowledge of Shock by Vehumet.
  6799 | Sewer    | Entered a sewer
  6802 | Sewer    | Learned a level 1 spell: Shock
  7469 | Sewer    | Reached XP level 8. HP: 43/43 MP: 11/15
  7654 | Sewer    | Found an ancient bone altar of Kikubaaqudgha.
  8079 | Sewer    | Offered knowledge of Sandblast by Vehumet.
  8080 | Sewer    | Reached ** piety under Vehumet
  8080 | Sewer    | Noticed Grinder
  8089 | Sewer    | Killed Grinder
  8536 | D:6      | Noticed a kobold demonologist
  8539 | D:6      | Noticed an orange demon
  8545 | D:6      | Killed a kobold demonologist
  8546 | D:6      | Reached skill level 5 in Spellcasting
  8546 | D:6      | Reached XP level 9. HP: 50/50 MP: 7/17
  8557 | D:6      | Reached skill level 9 in Conjurations
  8557 | D:6      | Reached skill level 5 in Air Magic
  9221 | D:6      | Reached skill level 5 in Dodging
  9851 | D:7      | Found a glowing golden altar of the Shining One.
  9926 | D:7      | Reached skill level 5 in Summonings
 10479 | D:8      | Found a flagged portal.
 10542 | Bailey   | Entered a bailey
 10610 | Bailey   | Reached skill level 5 in Stealth
 11368 | Bailey   | Shot with a bolt by an orc warrior

Illustrated notes

Levels and vault maps discovered:
D:1:      dpeg_arrival_rhombus, layout_basic
D:2:      layout_basic, basic_altar, kennysheep_generic_room_4
D:3:      layout_rooms, nicolae_overflow_crystal_walls, dk_noncrumbling_4
D:4:      layout_basic, hex_tiny
D:5:      layout_cave_pools, kennysheep_mini, minmay_temple_entry_butterflies
D:6:      layout_basic, portal_sewer_entry_f
D:7:      layout_loops_cross, tso_altar
D:8:      layout_cave_pools, nicolae_qazlal_eye_of_the_storm,
          grunt_temple_overflow_opulence, enter_bailey_7, uniq_pikel
Bailey:   bailey_polearm_2, bailey

Skill      XL: |  1  2  3  4  5  6  7  8  9 |
---------------+----------------------------+-----
Conjurations   | 6 7 8 9 |  9.3
Spellcasting   | 3 4 5 |  5.5
Summonings     | 1 2 3 4 5 |  5.3
Air Magic      | 1 2 3 4 5 |  5.7
Dodging        | 3 4 5 |  5.3
Fighting       | 1 3 |  3.9
Stealth        | 3 4 5 |  5.1
Staves         | |  0.4
Unarmed Combat | |  0.4

Action                   |  1- 3 |  4- 6 |  7- 9 || total
-------------------------+-------+-------+-------++-------
Melee: Unarmed           |    11 |       |       ||    11
       Kick              |     3 |     2 |    22 ||    27
       Peck              |     1 |       |    15 ||    16
       Staff             |     7 |     4 |    80 ||    91
 Cast: Magic Dart        |    55 |    81 |   157 ||   293
       Searing Ray       |       |     6 |    27 ||    33
       Shock             |       |       |     1 ||     1
       Summon Lightning  |       |       |     1 ||     1
  Use: Scroll            |       |     4 |    16 ||    20
       Potion            |       |       |     1 ||     1
Armor: Robe              |     7 |     1 |    28 ||    36
Dodge: Dodged            |    15 |    14 |   163 ||   192

Table legend: (Time is in decaauts)
 A = Elapsed time spent in this place.
 B = Non-inter-level travel time spent in this place.
 C = Inter-level travel time spent in this place.
 D = Time resting spent in this place.
 E = Time spent auto-exploring this place.
 F = Levels seen in this place.
 G = Mean time per level.
                   A        B        C        D        E       F      G
               +--------+--------+--------+--------+--------+-----+--------+
         Total |  11106 |  10936 |    170 |   4841 |   4719 |  10 | 1110.6 |
       Dungeon |   8903 |   8733 |    170 |   3182 |   4632 |   8 | 1112.9 |
         Sewer |   1390 |   1390 |      0 |   1018 |     87 |   1 | 1390.0 |
        Bailey |    812 |    812 |      0 |    641 |      0 |   1 |  812.0 |
               +--------+--------+--------+--------+--------+-----+--------+

Top non-repeatable levels by time:
     D:5: 2229 daAuts
     D:2: 1492 daAuts
   Sewer: 1390 daAuts
     D:1: 1226 daAuts
     D:4: 1108 daAuts
     D:6: 1036 daAuts
     D:3: 990 daAuts
  Bailey: 812 daAuts
     D:7: 715 daAuts
     D:8: 103 daAuts
